 Dungeon Crawl Stone Soup version 0.20-a0-936-gaf809b6 (webtiles) character file.

2289 Isola the Carver (level 9, -10/56 HPs)
             Began as a Tengu Fighter on Mar 30, 2017.
             Shot with a bolt by an orc warrior (22 damage)
             ... while paralysed
             ... in a bailey.
             The game lasted 00:11:24 (7624 turns).

Isola the Carver (Tengu Fighter)                    Turns: 7624, Time: 00:11:25

Health: -10/56     AC:  5    Str: 16    XL:     9   Next: 39%
Magic:  8/10       EV:  2    Int: 12    God:
Gold:   276        SH:  0    Dex: 14    Spells: 8/8 levels left

rFire    + . .     SeeInvis .   a - +0 long sword
rCold    + . .     Gourm    .   (no shield)
rNeg     . . .     Faith    .   v - +2 leather armour {MR+}
rPois    .         Spirit   .   (helmet restricted)
rElec    .         Reflect  .   (no cloak)
rCorr    .         Harm     .   (no gloves)
MR       +....                  (boots unavailable)
Stlth    +.........             h - amulet of rage
Regen    0.2/turn               k - ring of protection from fire
MPRegen  0.2/turn               t - ring of protection from cold

@: paralysed, exhausted, flying quickly and evasively, slowed, quick
A: beak, talons 3, able to fly 1
a: Evoke Berserk Rage


You were in a bailey.
You were hungry.

You visited 2 branches of the dungeon, and saw 8 of its levels.
You also visited: Bailey.

You collected 312 gold pieces.
You spent 36 gold pieces at shops.

Inventory:

Hand Weapons
 a - a +0 long sword (weapon)
Armour
 c - a +0 shield
 v - a +2 leather armour of magic resistance (worn)
Jewellery
 h - an amulet of rage (around neck)
 k - a ring of protection from fire (left hand)
 t - a ring of protection from cold (right hand)
Wands
 z - a wand of digging (8/24)
Scrolls
 e - a scroll of remove curse
 g - a scroll of amnesia
 i - 6 scrolls of identify
 l - a scroll of enchant weapon {unknown}
 o - 8 scrolls of teleportation
 p - 2 scrolls of random uselessness {unknown}
 q - 3 scrolls of blinking {unknown}
 r - 2 scrolls of enchant armour {unknown}
 s - a scroll of noise {unknown}
 y - a scroll of fear {unknown}
 B - a scroll of recharging {unknown}
Potions
 u - a potion of brilliance
 w - 3 potions of curing
 A - a potion of berserk rage
Comestibles
 d - 2 fruits
 f - 3 bread rations
 m - 2 meat rations
 n - 3 royal jellies
 C - a chunk of flesh


   Skills:
 + Level 6.8 Fighting
 * Level 9.7 Long Blades
 - Level 3.2 Armour
 + Level 6.5 Dodging
 - Level 3.0 Shields


You had 8 spell levels left.
You didn't know any spells.

Dungeon Overview and Level Annotations

Branches:
Dungeon (7/15)             Temple (1/1) D:4

Altars:
Cheibriados
Dithmenos
Elyvilon
Fedhas
Gozag
Nemelex Xobeh
Qazlal
Trog
Uskayaw
Wu Jian
Yredelemnul
Zin
The Shining One

Shops:
D:5 !


Innate Abilities, Weirdness & Mutations

You have a beak for a mouth.
You have claws for feet.
You can fly.


Message History

The orc warrior closely misses you.
The orc warrior hits you from afar with a halberd!
You barely miss the orc warrior. You peck the orc warrior!
The orc warrior is almost dead.
You closely miss the orc warrior. Your kick misses the orc warrior.
Your peck misses the orc warrior.
The orc warrior is almost dead.
The orc warrior closely misses you. x2; The orc warrior misses you.
You hit the orc warrior.
The orc warrior is almost dead.
You slash the orc warrior!
You kill the orc warrior!
You are no longer berserk.
You pass out from exhaustion.
You feel yourself slow down.
The orc warrior hits you from afar with a halberd!
The orc warrior hits you from afar with a glaive.
* * * LOW HITPOINT WARNING * * *
The orc warrior shoots a bolt.
The bolt hits you!!
You die...

##### #######!.∩##
###
##.....##.∩.##...
#..≈≈≈..#...#..≈≈
#.≈≈o≈≈.......≈≈o
+.≈oo)@.......≈oo
#.≈≈o≈≈.......≈≈o≈
#..≈≈≈..#...#..≈≈≈
##.....##...##....
#########∩## ####
##


You could see 3 orc warriors and an orc.

Vanquished Creatures
  The ghost of Isola the Slasher, a novice TeFi (D:4)
  Eustachio (D:5)
  An orc warrior (Bailey)
  4 ice beasts (D:5)
  A sky beast (D:5)
  2 phantoms (D:6)
  2 ogres (D:4)
  A centaur (D:6)
  A scorpion (D:6)
  2 howler monkeys (D:6)
  2 crimson imps
  A centaur zombie (D:5)
  A hound (D:5)
  4 orc priests
  A jelly (D:5)
  Ijyb (D:5)
  An iguana (D:3)
  4 orc wizards
  3 worker ants
  A hound skeleton (D:5)
  4 gnolls
  A worker ant zombie (D:2)
  7 adders
  A shadow imp (D:5)
  2 oozes
  3 adder skeletons
  2 worms
  A dart slug (D:2)
  4 leopard geckos
  20 orcs
  5 bats
  A bat skeleton (D:2)
  4 giant cockroaches
  8 goblins
  4 hobgoblins
  8 jackals
  3 quokkas
  A ball python skeleton (D:2)
  5 frilled lizards
  A giant cockroach zombie (D:2)
  A jackal skeleton (D:2)
  4 kobolds
  3 leopard gecko zombies (D:2)
  A quokka skeleton (D:5)
  3 rats
132 creatures vanquished.

Vanquished Creatures (others)
  An orc wizard (D:5)
1 creature vanquished.

Grand Total: 133 creatures vanquished

Notes
Turn   | Place    | Note
-------+----------+-------------------------------------------
     0 | D:1      | Isola the Tengu Fighter began the quest for the Orb.
     0 | D:1      | Reached XP level 1. HP: 14/14 MP: 2/2
   658 | D:1      | Reached XP level 2. HP: 19/19 MP: 3/3
   830 | D:1      | Reached skill level 3 in Long Blades
   830 | D:1      | Reached skill level 1 in Dodging
   853 | D:1      | Reached XP level 3. HP: 22/23 MP: 4/4
  1831 | D:2      | You fall through a shaft for 2 floors!
  1842 | D:4      | Noticed an ogre
  1849 | D:4      | Killed an ogre
  1849 | D:4      | Reached skill level 4 in Long Blades
  1849 | D:4      | Reached XP level 4. HP: 15/29 MP: 5/5
  1849 | D:4      | Gained mutation: You can fly. [Tengu growth]
  1849 | D:4      | Reached XP level 5. HP: 18/33 MP: 6/6
  2030 | D:4      | Noticed Isola's ghost (novice TeFi)
  2035 | D:4      | Noticed an ogre
  2040 | D:4      | Killed Isola's ghost
  2040 | D:4      | Reached skill level 5 in Long Blades
  2040 | D:4      | Reached XP level 6. HP: 5/39 MP: 3/7
  2045 | D:4      | Reached XP level 7. HP: 6/44 MP: 4/8
  2384 | D:4      | Found a blossoming altar of Fedhas.
  2473 | D:4      | Reached skill level 6 in Long Blades
  3958 | D:3      | Reached skill level 5 in Fighting
  4748 | D:4      | Found a staircase to the Ecumenical Temple.
  4755 | Temple   | Entered the Ecumenical Temple
  5285 | D:5      | Entered Level 5 of the Dungeon
  5285 | D:5      | Found a snail-covered altar of Cheibriados.
  5493 | D:5      | Reached skill level 7 in Long Blades
  5508 | D:5      | Reached XP level 8. HP: 30/49 MP: 9/9
  5513 | D:5      | Noticed Eustachio
  5743 | D:5      | Killed Eustachio
  5835 | D:5      | Reached skill level 5 in Dodging
  5889 | D:5      | Found Wapsog's Distillery.
  5907 | D:5      | Reached skill level 8 in Long Blades
  6058 | D:5      | Found an ornate altar of the Wu Jian Council.
  6105 | D:5      | Bought a potion of curing for 36 gold pieces
  6158 | D:5      | Noticed Ijyb
  6171 | D:5      | Killed Ijyb
  6549 | D:6      | Reached XP level 9. HP: 55/55 MP: 10/10
  6653 | D:6      | Reached skill level 9 in Long Blades
  7545 | D:7      | Found a flagged portal.
  7554 | Bailey   | Entered a bailey
  7624 | Bailey   | Shot with a bolt by an orc warrior

Vault maps used:
D:1:      shiori_shiawase
D:2:      first_bread, serial_undead, serial_undead_d, serial_undead_b,
          serial_undead_d, serial_undead_a
D:4:      minmay_temple_entry_junction, fedhas_altar_2
D:5:      cheibriados_altar_1, old_standard_altar, serial_shops,
          nicolae_shop_waterfront, grunt_ministairs_3, uniq_eustachio, uniq_iyjb
D:7:      lemuel_blue_sif_altar, enter_bailey_3, serial_shops, shop,
          nicolae_shop_stone, shop
Temple:   chequers_temple_sunken
Bailey:   bailey_polearm_4, bailey

Skill      XL: |  1  2  3  4  5  6  7  8  9 |
---------------+----------------------------+-----
Long Blades    | 3 4 5 7 8 9 |  9.7
Dodging        | 1 2 3 4 5 6 |  6.5
Fighting       | 4 5 6 |  6.8
Armour         | |  3.2
Shields        | |  3.0

Action                   |  1- 3 |  4- 6 |  7- 9 || total
-------------------------+-------+-------+-------++-------
Melee: Long sword        |    63 |    10 |   354 ||   427
       Kick              |    15 |     3 |   120 ||   138
       Peck              |     8 |       |    78 ||    86
Throw: Throwing net      |       |     1 |       ||     1
 Abil: Fly               |       |     1 |    11 ||    12
       Evoke Berserk Rag |       |       |     6 ||     6
Evoke: Wand              |       |       |     1 ||     1
  Use: Potion            |       |     1 |     5 ||     6
       Scroll            |       |       |    11 ||    11
  Eat: Chunk             |     3 |       |    16 ||    19
       Meat ration       |       |       |     1 ||     1
       Bread ration      |       |       |     1 ||     1
Armor: Scale mail        |    35 |     1 |    74 ||   110
       Leather armour    |       |       |    19 ||    19
Dodge: Dodged            |    46 |     2 |   277 ||   325
       Rpst.: Long sword |    17 |     2 |    79 ||    98
